 Dungeon Sprint DCSS version 0.14-a0-759-g26e2352 (webtiles) character file.

6335 Deemzul the Impaler (level 10, -2/102 HPs)
             Began as a Naga Fighter on Nov 8, 2013.
             Was the Champion of Cheibriados.
             Slain by an ettin
             ... wielding a +0,+0 dire flail
              (25 damage)
             ... in the Dungeon (Sprint IX: "|||||||||||||||||||||||||||||").
             The game lasted 00:04:08 (2147 turns).

Deemzul the Impaler (Naga Fighter)                  Turns: 2147, Time: 00:04:08

HP  -2/102       AC 10     Str 40      XL: 10   Next: 95%
MP   8/22        EV  7     Int 27      God: Cheibriados [******]
Gold 19          SH  0     Dex 28      Spells:  0 memorised,  9 levels left

Res.Fire  : . . .   See Invis. : +   o - +2 halberd "Caer" {venom, Int+3}
Res.Cold  : . . .   Warding    : .   q - +1 scale mail
Life Prot.: . . .   Conserve   : .   (no shield)
Res.Poison: +       Res.Corr.  : .   x - +0 helmet
Res.Elec. : .       Clarity    : .   p - +0 elf cloak
Sust.Abil.: . .     Spirit.Shd : .   (no gloves)
Res.Mut.  : .       Prev.Telep.: +   (no barding)
Res.Rott. : .       Flight     : .   (no amulet)
Saprovore : . . .                    r - +3 ring of strength
                                     b - +3 ring of dexterity

@: very slow, somewhat resistant to hostile enchantments, very unstealthy
A: spit poison, see invisible, deformed body, poison resistance, slowness 2, AC
+3
a: Spit Poison, Bend Time, Temporal Distortion, Slouch, Step From Time, Renounce
Religion


You were in the Dungeon.
You worshipped Cheibriados.
Cheibriados was exalted by your worship.
You were hungry.

You visited 1 branch You collected 19 gold pieces.

Inventory:

Hand weapons
 o - the +2,+2 halberd "Caer" (weapon) {venom, Int+3}
   (You found it in the Dungeon)

   It poisons the flesh of those it strikes.
   It affects your intelligence (+3).
Armour
 p - a +0 elven cloak (worn)
 q - a +1 scale mail (worn)
 x - a +0 helmet (worn)
Magical devices
 n - a wand of cold (1)
Comestibles
 c - 13 meat rations
 d - 13 bread rations
 w - 40 strawberries
Scrolls
 j - 2 scrolls of blinking
 l - 3 scrolls of remove curse
 m - 2 scrolls of amnesia
 t - 2 scrolls of recharging
 u - 4 scrolls of enchant armour
 v - a scroll of enchant weapon I
Jewellery
 b - a +3 ring of dexterity (left hand)
 r - a +3 ring of strength (right hand)
Potions
 a - a potion of might
 e - 5 potions of curing
 g - a potion of speed
 h - 4 potions of magic
 i - a potion of berserk rage
 k - 4 potions of heal wounds
 s - a potion of restore abilities


   Skills:
 + Level 13.8 Fighting
 * Level 18.4 Polearms
 - Level 2.4 Armour
   Level 2.4 Shields
 + Level 10.0 Invocations


You had 9 spell levels left.
You didn't know any spells.

Dungeon Overview and Level Annotations

Branches:
Dungeon (1/1)

Altars:
Ashenzari
Cheibriados
Elyvilon
Fedhas
Kikubaaqudgha
Makhleb
Nemelex Xobeh
Okawaru
Sif Muna
Trog
Vehumet
Xom
Yredelemnul
Zin
the Shining One


Innate Abilities, Weirdness & Mutations

You cannot wear boots.
You can spit poison.
Your serpentine skin is tough (AC +3).
You have supernaturally acute eyesight.
Armour fits poorly on your strangely shaped body.
Your system is resistant to poisons.
You cover ground very slowly.


Message History

You kill the orc!
Cheibriados thoroughly appreciates the change of pace.
The orc priest invokes the aid of Beogh against you.
You resist.
Things that are here:
an orcish hand axe; an orc corpse; 100 gold pieces You impale the orc priest!!
You kill the orc priest!
Cheibriados thoroughly appreciates the change of pace.
Attack whom?
Press: ? - help, Dir - move target cursor, f - ettin
Aim: an ettin, wielding two dire flails You reach to attack!
You puncture the ettin!
The ettin is poisoned.
The ettin is lightly wounded.
Use which ability? (? or * to list)
You can feel time thicken for a moment.
You feel somewhat more hungry. The ettin hits you with a dire flail!
* * * LOW HITPOINT WARNING * * *
The ettin hits you with a dire flail!
You die...

#_#.#.#.#.#
#_#.#.#.#.#
#_#.#)#.#.#
#_#.#.#.#[#
#'#.#'#.#.#
#.#.#.#.#[#
#.#.#.#.#$#
#.#.#.#.#C#
#)#.#.#.#@#
#.#.#.#.#)#
#%#.#.#.#$#
#.#.#|#.#)#
#.#.#(#.#)#
#.#.#.#.#.#
#.#.#.#.#.#
#.#.#.#.#.#
#)#.#.#.#.#


You could see an ettin.

Vanquished Creatures
  Urug (D)
  A griffon (D)
  A cyclops (D)
  An orc sorcerer (D)
  An eye of devastation (D)
  A fire drake (D)
  3 spiny frogs (D)
  2 blink frogs (D)
  A komodo dragon (D)
  A troll (D)
  2 giant leeches (D)
  A boulder beetle (D)
  A wyvern (D)
  Eustachio (D)
  A manticore (D)
  A vampire mosquito (D)
  3 orc warriors (D)
  2 porcupines (D)
  2 giant slugs (D)
  3 water moccasins (D)
  A brain worm (D)
  An eye of draining (D)
  2 crimson imps (D)
  4 orc priests (D)
  2 iguanas (D)
  A worker ant (D)
  3 adders (D)
  A giant mite (D)
  5 orcs (D)
  A ball python (D)
  A giant cockroach (D)
  2 hobgoblins (D)
  3 bats (D)
  A goblin (D)
  A kobold (D)
  A rat (D)
60 creatures vanquished.

Vanquished Creatures (others)
  A blink frog (D)
  An agate snail (D)
2 creatures vanquished.

Grand Total: 62 creatures vanquished

Notes
Turn   | Place    | Note
--------------------------------------------------------------
     0 | D        | Deemzul, the Naga Fighter, began the quest for the Orb.
     0 | D        | Reached XP level 1. HP: 21/21 MP: 0/0
   192 | D        | Noticed a crimson imp
   206 | D        | Reached skill level 4 in Fighting
   206 | D        | Reached XP level 2. HP: 8/30 MP: 1/1
   217 | D        | Reached skill level 5 in Polearms
   217 | D        | Reached XP level 3. HP: 15/36 MP: 2/2
   227 | D        | Killed a crimson imp
   227 | D        | Reached skill level 5 in Fighting
   227 | D        | Reached skill level 6 in Polearms
   227 | D        | Reached XP level 4. HP: 14/44 MP: 3/3
   441 | D        | Found a blossoming altar of Fedhas.
   441 | D        | Found a snail-covered altar of Cheibriados.
   441 | D        | Found a white marble altar of Elyvilon.
   441 | D        | Found a deep blue altar of Sif Muna.
   441 | D        | Found an ancient bone altar of Kikubaaqudgha.
   441 | D        | Found a bloodstained altar of Trog.
   441 | D        | Found a blossoming altar of Fedhas.
   442 | D        | Found a radiant altar of Vehumet.
   443 | D        | Found a sparkling altar of Nemelex Xobeh.
   444 | D        | Found a bloodstained altar of Trog.
   445 | D        | Found a glowing golden altar of the Shining One.
   446 | D        | Found a shattered altar of Ashenzari.
   447 | D        | Found a burning altar of Makhleb.
   448 | D        | Found a basalt altar of Yredelemnul.
   449 | D        | Became a worshipper of Cheibriados the Contemplative
   450 | D        | Found an iron altar of Okawaru.
   451 | D        | Found a glowing silver altar of Zin.
   452 | D        | Found a shimmering altar of Xom.
   470 | D        | Got the +2,+2 halberd "Caer" {venom, Int+3}
   502 | D        | Noticed a worker ant
   502 | D        | Noticed a wyvern
   502 | D        | Noticed an eye of draining
   502 | D        | Noticed a manticore
   510 | D        | Acquired Cheibriados' first power
   511 | D        | Killed an eye of draining
   511 | D        | Reached skill level 7 in Polearms
   511 | D        | Killed a wyvern
   511 | D        | Reached skill level 10 in Polearms
   511 | D        | Reached XP level 5. HP: 18/52 MP: 0/4
   511 | D        | Reached XP level 6. HP: 21/61 MP: 0/5
   511 | D        | Killed a worker ant
   519 | D        | Killed a manticore
   519 | D        | Reached skill level 11 in Polearms
   663 | D        | Noticed a crimson imp
   663 | D        | Noticed a griffon
   663 | D        | Noticed a brain worm
   663 | D        | Noticed a troll
   663 | D        | Noticed an eye of devastation
   663 | D        | Noticed a cyclops
   671 | D        | Killed a cyclops
   671 | D        | Acquired Cheibriados' second power
   671 | D        | Reached skill level 10 in Fighting
   671 | D        | Reached skill level 13 in Polearms
   671 | D        | Reached XP level 7. HP: 33/70 MP: 6/6
   682 | D        | Killed a brain worm
   683 | D        | Killed a troll
   683 | D        | Reached XP level 8. HP: 21/80 MP: 7/7
   684 | D        | Killed an eye of devastation
   684 | D        | Acquired Cheibriados' third power
   684 | D        | Reached skill level 14 in Polearms
   686 | D        | Killed a crimson imp
   695 | D        | Killed a griffon
   695 | D        | Acquired Cheibriados' fourth power
   695 | D        | Reached skill level 15 in Polearms
   695 | D        | Reached XP level 9. HP: 7/88 MP: 5/13
  1144 | D        | Noticed a giant slug
  1144 | D        | Noticed an iguana
  1144 | D        | Noticed a water moccasin
  1144 | D        | Noticed a giant slug
  1144 | D        | Noticed an iguana
  1147 | D        | Killed an iguana
  1151 | D        | Killed a giant slug
  1156 | D        | Killed a water moccasin
  1161 | D        | Killed an iguana
  1168 | D        | Killed a giant slug
  1169 | D        | Noticed a porcupine
  1170 | D        | Noticed a water moccasin
  1173 | D        | Killed a porcupine
  1182 | D        | Killed a water moccasin
  1215 | D        | Noticed a fire drake
  1215 | D        | Noticed a boulder beetle
  1215 | D        | Noticed a blink frog
  1215 | D        | Noticed an agate snail
  1215 | D        | Noticed a komodo dragon
  1215 | D        | Killed a blink frog
  1216 | D        | Reached skill level 5 in Invocations
  1217 | D        | Killed a fire drake
  1217 | D        | Reached skill level 16 in Polearms
  1217 | D        | Killed a komodo dragon
  1218 | D        | Noticed a water moccasin
  1219 | D        | Noticed a porcupine
  1219 | D        | Killed an agate snail
  1223 | D        | Killed a boulder beetle
  1224 | D        | Killed a water moccasin
  1226 | D        | Killed a porcupine
  1312 | D        | Noticed a vampire mosquito
  1312 | D        | Noticed a blink frog
  1312 | D        | Noticed a giant leech
  1312 | D        | Noticed a giant leech
  1312 | D        | Noticed a spiny frog
  1312 | D        | Noticed a spiny frog
  1312 | D        | Noticed a spiny frog
  1313 | D        | Killed a vampire mosquito
  1313 | D        | Killed a blink frog
  1313 | D        | Reached XP level 10. HP: 77/99 MP: 20/20
  1313 | D        | Killed a spiny frog
  1314 | D        | Killed a spiny frog
  1314 | D        | Reached skill level 17 in Polearms
  1314 | D        | Killed a spiny frog
  1316 | D        | Killed a giant leech
  1318 | D        | Noticed a blink frog
  1321 | D        | Killed a blink frog
  1321 | D        | Killed a giant leech
  1482 | D        | Noticed Eustachio
  1488 | D        | Killed Eustachio
  1520 | D        | Noticed Urug
  1994 | D        | Killed Urug
  1994 | D        | Reached skill level 18 in Polearms
  2131 | D        | Noticed an orc sorcerer
  2131 | D        | Noticed an orc priest
  2131 | D        | Noticed an orc priest
  2131 | D        | Noticed an orc warrior
  2133 | D        | Killed an orc priest
  2133 | D        | Killed an orc priest
  2133 | D        | Killed an orc warrior
  2134 | D        | Noticed an orc warrior
  2135 | D        | Killed an orc sorcerer
  2136 | D        | Noticed an orc warrior
  2139 | D        | Noticed an orc priest
  2139 | D        | Killed an orc priest
  2139 | D        | Killed an orc warrior
  2140 | D        | Killed an orc warrior
  2140 | D        | Reached skill level 10 in Invocations
  2141 | D        | Noticed an orc priest
  2143 | D        | Noticed an ettin
  2145 | D        | Killed an orc priest
  2147 | D        | Slain by an ettin

Action                   |  1- 3 |  4- 6 |  7- 9 | 10-12 || total
-------------------------+-------+-------+-------+-------++-------
Melee: Trident           |    51 |    16 |    18 |       ||    85
       Halberd           |       |       |    44 |    23 ||    67
Invok: Slouch            |       |       |     2 |     7 ||     9
       Step From Time    |       |       |       |     1 ||     1
 Abil: Spit Poison       |       |     1 |       |     1 ||     2
Evoke: Wand              |       |     3 |     3 |       ||     6
  Use: Potion            |     1 |     3 |       |       ||     4
       Scroll            |       |       |     1 |       ||     1
 Stab: Invisible         |       |     2 |     5 |       ||     7
